 Dungeon Crawl Stone Soup version 0.30.0-10-gfe55d96785 (webtiles) character file.

Game seed: 13067246733467127299

1432 qw the Cleaver (level 8, -5/50 HPs)
             Began as a Gargoyle Cinder Acolyte on May 17, 2023.
             Was a Believer of Ignis.
             Killed by divine providence
             ... invoked by an orc priest
              (14 damage)
             ... on level 6 of the Dungeon.
             The game lasted 00:02:19 (4804 turns).

qw the Cleaver (Gargoyle Cinder Acolyte)            Turns: 4804, Time: 00:02:20

Health: -5/50      AC: 27    Str: 33    XL:     8   Next: 73%
Magic:  9/9        EV:  8    Int: 14    God:    Ignis [**....]
Gold:   207        SH:  0    Dex:  5    Spells: 9/9 levels left

rFire   + + .        Y - +0 hand axe (heavy)
rCold   . . .        (no shield)
rNeg    + . .        c - +1 plate armour
rPois   inf          (no helmet)
rElec   +            e - +0 cloak
rCorr   .            (no gloves)
SInv    +            (no boots)
Will    .....        (no amulet) Stlth
                     m - +6 ring of strength
HPRegen 0.28/turn    f - ring "Jinodgh" {+Blink rF+ Str+6 SInv}
MPRegen 0.11/turn

%: no passive effects
@: brilliant, fiery-armoured
A: sickness immunity, AC +5, negative energy resistance 1, electricity
resistance, torment resistance 1, petrification resistance
a: Renounce Religion, Evoke Blink, Fiery Armour, Foxfire Swarm, Rising Flame


You were on level 6 of the Dungeon.
You worshipped Ignis.
Ignis was pleased with you.
You visited 1 branch of the dungeon, and saw 6 of its levels.

You collected 315 gold pieces.
You spent 108 gold pieces at shops.


Innate Abilities, Weirdness & Mutations

You are immune to sickness and miasma.
Your stone body is resilient. (AC +5)
You are immune to poison.
You resist negative energy. (rN+)
You are resistant to electric shocks. (rElec)
You are resistant to unholy torment.
You are immune to petrification.


   Skills:
 + Level 5.5 Fighting
 - Level 8.1 Axes
 - Level 1.0 Throwing
 - Level 4.9 Armour
 - Level 1.0 Spellcasting
 - Level 3.0 Fire Magic


You had 9 spell levels left.
You didn't know any spells.
Your spell library contained the following spells:

 Spells                   Type           Power      Damage    Failure   Level
 Scorch                   Fire           26%        2d6       65%         2

Inventory:

Hand Weapons
 j - a -1 hand axe of flaming
 Y - a +0 heavy hand axe (weapon)
Missiles
 i - 5 boomerangs (quivered)
Armour
 c - a +1 plate armour (worn)
 e - a +0 cloak (worn)
Jewellery
 f - the ring "Jinodgh" (right hand) {+Blink rF+ Str+6 SInv}
   (You acquired it on level 4 of the Dungeon)

   [ring of protection from fire]

   Str:       It affects your strength (+6).
   rF:        It protects you from fire.
   SInv:      It lets you see invisible.
   +Blink:    It lets you blink.
 m - a +6 ring of strength (left hand)
Scrolls
 a - a scroll of identify
 d - 3 scrolls of teleportation
Potions
 b - 6 potions of curing
 g - 2 potions of mutation

Dungeon Overview and Level Annotations

Branches:
Dungeon (6/15)             Temple (0/1) D:4

Altars:
Dithmenos
Kikubaaqudgha
Qazlal
Sif Muna
Vehumet
Yredelemnul

Shops:
D:4 [   D:5 =

Annotations:
D:4 1 runed translucent door, Crazy Yiuf


Message History

The phantom barely misses you. The wight hits you but does no damage.
An orc priest comes into view. It is wielding a +0 flail.
The phantom hits you but does no damage.
The wight hits you but does no damage.
The orc priest moves out of view.
You completely miss the phantom.
The phantom is severely damaged.
The orc shouts!
The phantom barely misses you. The wight hits you but does no damage.
The orc priest shouts!
You slice the phantom!!
You destroy the phantom!
You hear a shout!
The wight hits you but does no damage. x2
You throw a boomerang. The boomerang hits the orc.
The orc is moderately wounded.
The orc priest calls upon Beogh to heal the orc.
The orc's wounds heal themselves!
The wight hits you but does no damage.
An orc priest comes into view. It is wielding a +0 trident.
You hear a shout!
4801 ||| INVOKING Fiery Armour.
A protective cloak of flame settles atop you.
The wight hits you from afar with a +1 spear.
An orc wizard and a wight come into view.
The orc wizard is wielding a +1 dagger of venom.
The orc wizard shouts!
An orc comes into view. It is wielding a +0 short sword.
The orc closely misses you.
The orc wizard moves out of view.
You barely miss the wight. You slash the orc!
You kill the orc!
The orc priest mumbles some strange prayers to Beogh against you.
Beogh smites you! The wight hits you but does no damage.
The wight is burned by your cloak of flames.
The wight is moderately damaged.
You slash the wight!
You destroy the wight!
The orc priest mumbles some strange prayers to Beogh against you.
Beogh smites you!
The orc priest calls down the wrath of Beogh upon you.
Beogh smites you!
You die...

............
...........
.. .........#
...
.z......##...
#.......o...
##.......oo
#....))o#
#....@..#
+......<#
##......#
##+#####


You could see a wight, 2 orc priests, an orc wizard and an orc.

Vanquished Creatures
  Eustachio (D:5)
  3 water moccasins
  A black bear (D:4)
  2 ogres (D:5)
  An ice beast (D:5)
  A phantom (D:6)
  2 scorpions
  A wight (D:6)
  2 jellies
  2 orc priests (D:5)
  An iguana (D:5)
  A sleepcap (D:5)
  7 adders
  8 gnolls
  2 ufetubi (D:5)
  2 worms (D:2)
  4 dart slugs
  5 orcs
  8 endoplasms
  3 giant cockroaches
  7 goblins
  8 hobgoblins
  7 jackals
  4 quokkas
  12 ball pythons
  4 bats
  7 frilled lizards
  4 kobolds
  3 rats
113 creatures vanquished.

Notes
Turn   | Place    | Note
-------+----------+-------------------------------------------
     0 | D:1      | qw the Gargoyle Cinder Acolyte began the quest for the Orb.
     0 | D:1      | Reached XP level 1. HP: 14/14 MP: 2/2
     0 | D:1      | 0 ||| qw: Version: 0.2-a-95-g4c1bab1
     0 | D:1      | 0 ||| qw: Game counter: 90
     0 | D:1      | 0 ||| qw: Always use a shield: true
     0 | D:1      | 0 ||| qw: God list: Okawaru
     0 | D:1      | 0 ||| qw: Allow faded altars: false
     0 | D:1      | 0 ||| qw: Do Orc after D:15 true
     0 | D:1      | 0 ||| qw: Do second Lair branch before Depths: true
     0 | D:1      | 0 ||| qw: Lair rune preference: random
     0 | D:1      | 0 ||| qw: Plans: Normal
     0 | D:1      | 0 ||| PLANNING D:1-11
    65 | D:1      | Reached skill level 3 in Axes
   121 | D:1      | Reached XP level 2. HP: 19/19 MP: 3/3
   194 | D:1      | 194 ||| Stepping ~*~*~tactically~*~*~ (hiding).
   196 | D:1      | 196 ||| Stepping ~*~*~tactically~*~*~ (hiding).
   251 | D:1      | Found a faded altar of an unknown god.
   259 | D:1      | 259 ||| Stepping ~*~*~tactically~*~*~ (stealth).
   295 | D:1      | 295 ||| Stepping ~*~*~tactically~*~*~ (stealth).
   601 | D:1      | Reached XP level 3. HP: 23/23 MP: 4/4
   917 | D:1      | 917 ||| UPGRADING to +0 leather armour.
   927 | D:1      | 927 ||| DROPPING +0 robe.
   928 | D:1      | 928 ||| READING scroll labelled HUGINUZ MAPSEMP.
   929 | D:1      | 929 ||| READING scroll labelled WENAXI HIOLIBE.
   930 | D:1      | 930 ||| READING scroll labelled IWNO HUIMEODDA.
   931 | D:1      | 931 ||| READING scroll labelled ULUGUDEDENU.
   932 | D:1      | 932 ||| READING scroll labelled YHILAT VILI.
   933 | D:1      | 933 ||| READING scroll labelled BIWIDAOSYCA.
   986 | D:2      | 986 ||| STAIRDANCE
  1025 | D:2      | Reached skill level 4 in Axes
  1128 | D:2      | 1128 ||| Stepping ~*~*~tactically~*~*~ (stealth).
  1328 | D:2      | 1328 ||| Stepping ~*~*~tactically~*~*~ (hiding).
  1337 | D:2      | Reached XP level 4. HP: 28/28 MP: 5/5
  1379 | D:2      | 1379 ||| Stepping ~*~*~tactically~*~*~ (hiding).
  1390 | D:2      | 1390 ||| INVOKING Fiery Armour.
  1421 | D:2      | Identified the +0 ring mail "Omagameh" {Str+4 Dex-2}
  1430 | D:2      | 1430 ||| Stepping ~*~*~tactically~*~*~ (stealth).
  1717 | D:2      | 1717 ||| UPGRADING to +0 ring mail.
  1727 | D:2      | 1727 ||| UPGRADING to +0 plate armour.
  1737 | D:2      | 1737 ||| DROPPING +0 ring mail.
  1738 | D:2      | 1738 ||| DROPPING +0 leather armour.
  1739 | D:2      | 1739 ||| READING scroll labelled UPSONA MEAPEYGREL.
  1740 | D:2      | 1740 ||| READING scroll labelled NEULLE WEPNICUOTA.
  1741 | D:2      | 1741 ||| READING 3 scrolls of identify.
  1741 | D:2      | 1741 ||| IDENTIFYING lumpy yellow potion
  1742 | D:2      | 1742 ||| READING 2 scrolls of identify.
  1742 | D:2      | 1742 ||| IDENTIFYING brown potion
  1743 | D:2      | 1743 ||| DROPPING potion of lignification.
  1744 | D:2      | 1744 ||| DROPPING potion of degeneration.
  1802 | D:3      | Noticed a water moccasin
  1820 | D:3      | 1820 ||| INVOKING Fiery Armour.
  1821 | D:3      | Killed a water moccasin
  1822 | D:3      | Reached skill level 3 in Armour
  1822 | D:3      | Reached XP level 5. HP: 14/32 MP: 6/6
  1998 | D:3      | 1998 ||| READING scroll of enchant armour.
  1998 | D:3      | 1998 ||| ENCHANTING +0 plate armour.
  2045 | D:3      | Found a shimmering blue altar of Sif Muna.
  2088 | D:3      | Found an ancient bone altar of Kikubaaqudgha.
  2513 | D:3      | 2513 ||| Stepping ~*~*~tactically~*~*~ (stealth).
  2515 | D:3      | 2515 ||| Stepping ~*~*~tactically~*~*~ (stealth).
  2518 | D:3      | 2518 ||| INVOKING Fiery Armour.
  2524 | D:3      | Reached skill level 5 in Axes
  2524 | D:3      | Reached XP level 6. HP: 36/37 MP: 7/7
  2672 | D:3      | 2672 ||| DROPPING scarf of invisibility.
  2673 | D:3      | 2673 ||| UPGRADING to ring of positive energy.
  2674 | D:3      | 2674 ||| READING scroll labelled MONIDDYSAM.
  2675 | D:3      | 2675 ||| READING scroll labelled FETUNAL FADUT.
  2676 | D:3      | 2676 ||| READING 3 scrolls of identify.
  2676 | D:3      | 2676 ||| IDENTIFYING lumpy blue potion
  2677 | D:3      | 2677 ||| READING 2 scrolls of identify.
  2677 | D:3      | 2677 ||| IDENTIFYING viscous silvery potion
  2804 | D:4      | Found a staircase to the Ecumenical Temple.
  2807 | D:4      | 2807 ||| Stepping ~*~*~tactically~*~*~ (stealth).
  2831 | D:4      | 2831 ||| Stepping ~*~*~tactically~*~*~ (hiding).
  2832 | D:4      | 2832 ||| Stepping ~*~*~tactically~*~*~ (hiding).
  2832 | D:4      | Found Vashufui's Antique Armour Boutique.
  2870 | D:4      | 2870 ||| BUYING cloak (108 gold).
  2870 | D:4      | Bought a cloak for 108 gold pieces
  2870 | D:4      | 2870 ||| SHOPLISTING crude scarf (240 gold, have 82).
  2870 | D:4      | 2870 ||| SHOPLISTING encrusted helmet (228 gold, have 82).
  2875 | D:4      | 2875 ||| Stepping ~*~*~tactically~*~*~ (stealth).
  3097 | D:4      | Found a stormy altar of Qazlal.
  3109 | D:4      | 3109 ||| Stepping ~*~*~tactically~*~*~ (hiding).
  3150 | D:4      | 3150 ||| INVOKING Fiery Armour.
  3150 | D:4      | Noticed a black bear
  3151 | D:4      | 3151 ||| Stepping ~*~*~tactically~*~*~ (hiding).
  3153 | D:4      | 3153 ||| Stepping ~*~*~tactically~*~*~ (hiding).
  3154 | D:4      | 3154 ||| Stepping ~*~*~tactically~*~*~ (hiding).
  3155 | D:4      | 3155 ||| Stepping ~*~*~tactically~*~*~ (hiding).
  3183 | D:4      | Killed a black bear
  3261 | D:4      | Found a shadowy altar of Dithmenos.
  3310 | D:4      | Reached XP level 7. HP: 43/43 MP: 8/8
  3332 | D:4      | Reached skill level 6 in Axes
  3515 | D:4      | 3515 ||| SWAPPING to +0 heavy hand axe.
  3530 | D:4      | Found a runed translucent door.
  3531 | D:4      | Noticed Crazy Yiuf
  3705 | D:4      | 3705 ||| UPGRADING to +0 cloak.
  3710 | D:4      | 3710 ||| DROPPING +6 ring of intelligence.
  3711 | D:4      | 3711 ||| READING scroll labelled DAAZ XIG KACHENN.
  3711 | D:4      | Identified a scroll of acquirement
  3711 | D:4      | 3711 ||| ACQUIRING ring "Jinodgh" {+Blink rF+ Str+6 SInv}
  3711 | D:4      | Acquired the ring "Jinodgh" {+Blink rF+ Str+6 SInv}
  3713 | D:4      | 3713 ||| UPGRADING to ring "Jinodgh" {+Blink rF+ Str+6
                  | SInv}.
  3761 | D:5      | Entered Level 5 of the Dungeon
  3766 | D:5      | 3766 ||| Stepping ~*~*~tactically~*~*~ (stealth).
  3787 | D:5      | 3787 ||| INVOKING Fiery Armour.
  3790 | D:5      | Reached skill level 7 in Axes
  3916 | D:5      | Found Cesuq's One-of-a-Kind Rings.
  3974 | D:5      | 3974 ||| SHOPLISTING +2 ring of slaying (294 gold, have
                  | 146).
  3974 | D:5      | 3974 ||| SHOPLISTING +4 ring of evasion (294 gold, have
                  | 146).
  3974 | D:5      | 3974 ||| SHOPLISTING +8 ring of slaying (2800 gold, have
                  | 146).
  3974 | D:5      | 3974 ||| SHOPLISTING ring "Haizap" {Int+6 Dex+6 Slay+3}
                  | (954 gold, have 146).
  3974 | D:5      | 3974 ||| SHOPLISTING ring "Puyfilid" {+Blink rElec rCorr
                  | Dex+6 Slay+2} (994 gold, have 146).
  3990 | D:5      | Reached XP level 8. HP: 26/48 MP: 9/9
  4128 | D:5      | Noticed Eustachio
  4129 | D:5      | 4129 ||| Stepping ~*~*~tactically~*~*~ (hiding).
  4137 | D:5      | 4137 ||| INVOKING Fiery Armour.
  4147 | D:5      | Killed Eustachio
  4198 | D:5      | 4198 ||| Stepping ~*~*~tactically~*~*~ (stealth).
  4237 | D:5      | Reached skill level 1 in Throwing
  4284 | D:5      | 4284 ||| INVOKING Fiery Armour.
  4398 | D:5      | Found a basalt altar of Yredelemnul.
  4634 | D:5      | Reached skill level 8 in Axes
  4634 | D:5      | Found a radiant altar of Vehumet.
  4667 | D:5      | 4667 ||| UPGRADING to +6 ring of strength.
  4669 | D:5      | 4669 ||| DROPPING ring of positive energy.
  4670 | D:5      | 4670 ||| READING scroll labelled ZUMIBBUMUL.
  4771 | D:5      | 4771 ||| DRINKING 2 black potions.
  4772 | D:5      | 4772 ||| DROPPING potion of brilliance.
  4801 | D:6      | 4801 ||| INVOKING Fiery Armour.
  4804 | D:6      | HP: 9/50 [orc priest/divine providence (16)]
  4804 | D:6      | Killed from afar by an orc priest

Levels and vault maps discovered:
D:1:      dpeg_arrival_rooms_a, layout_loops_ring, serial_aquarium,
          aquarium_bridge_square [aquarium_subvault_bridge,
          aquarium_subvault_wall, aquarium_subvault_window,
          aquarium_subvault_wall], aquarium_window_fake, aquarium_window_fake,
          aquarium_window_1, aquarium_window_1, aquarium_view_2e,
          aquarium_view_2d, aquarium_balcony_3b,
          nicolae_ecumenical_snake_handling
D:2:      minmay_recursive_quarters, layout_basic, dreamdust_mushroom_princess
D:3:      layout_loops_ring, kiku_gazebo_pond_becter,
          mainiacjoe_overflow_tiny_flanked, minmay_misc_feat_plants,
          amcnicky_mini_corridor_feature, roderic_serpentine_path
D:4:      wander_river, layout_loops_cross, grunt_dithmenos_smoke_and_mirrors,
          grunt_qazlal_clouds, nicolae_stop_n_shop_1, kennysheep_small_square,
          uniq_crazy_yiuf_cottage
D:5:      layout_basic, vehumet_crystals, kennysheep_little_box,
          minmay_misc_feat_chi, minivault_27, nicolae_shop_unique_rings,
          uniq_eustachio
D:6:      layout_gridville, gammafunk_ghost_necromancy, uniq_grinder

Skill      XL: |  1  2  3  4  5  6  7  8 |
---------------+-------------------------+-----
Axes           | 3 4 5 7 8 |  8.1
Armour         | 3 4 |  4.9
Fighting       | 4 5 |  5.5
Throwing       | 1 |  1.0
Spellcasting   | |  1.0
Fire Magic     | |  3.0

Action                     |  1- 3 |  4- 6 |  7- 9 || total
---------------------------+-------+-------+-------++-------
  Melee: Hand axe          |   105 |   161 |   124 ||   390
         Punch             |       |       |     2 ||     2
  Throw: Boomerang         |       |    16 |    25 ||    41
 Invoke: Fiery Armour      |       |     4 |     4 ||     8
    Use: Scroll            |     6 |     9 |     2 ||    17
         Potion            |       |       |     1 ||     1
 Armour: Robe              |    14 |       |       ||    14
         Leather armour    |    16 |    13 |       ||    29
         Plate armour      |       |   101 |   115 ||   216
  Dodge: Dodged            |    40 |    55 |    72 ||   167

Table legend:
 A = Non-vault XP
 B = Vault XP
 C = Vault XP percentage of total XP
 D = Non-vault monster count
 E = Vault monster count
 F = Vault count percentage of total count
                 A         B        C        D         E       F
            +---------+---------+-------+---------+---------+-------
      Total |    1773 |     347 |  16.4 |      96 |      17 |  15.0
            +---------+---------+-------+---------+---------+-------
        D:1 |      41 |       3 |   6.8 |      23 |       2 |   8.0
        D:2 |      57 |      18 |  24.0 |      17 |      10 |  37.0
        D:3 |     243 |       0 |   0.0 |      12 |       0 |   0.0
        D:4 |     256 |     130 |  33.7 |      23 |       4 |  14.8
        D:5 |     992 |     196 |  16.5 |      18 |       1 |   5.3
        D:6 |     184 |       0 |   0.0 |       3 |       0 |   0.0
            +---------+---------+-------+---------+---------+-------
